 Dungeon Crawl Stone Soup version 0.27-a0-899-ge2d0b17c59 (webtiles) character file.

Game seed: 2088954571944221739

20 dickylongcocking the Magician (level 2, -1/21 HPs)
             Began as a Djinni Fire Elementalist on Apr 5, 2021.
             Killed by Freeze
             ... generated by an endoplasm
              (6 damage)
             ... on level 1 of the Dungeon.
             The game lasted 00:00:33 (1074 turns).

dickylongcocking the Magician (DjFE)                Turns: 1074, Time: 00:00:34

Health: -1/21      AC:  3    Str:  7    XL:     2   Next: 79%
Gold:   2          EV: 11    Int: 16    God:
                   SH:  0    Dex: 13

rFire    + + .     SeeInvis .   f - +0 dagger
rCold    x . .     Faith    .   (no shield)
rNeg     . . .     Spirit   .   b - +0 leather armour
rPois    ∞         Reflect  .   (no helmet)
rElec    .         Harm     .   (no cloak)
rCorr    .         Rampage  .   (no gloves)
Will     .....                  (boots unavailable)
Stlth    ++........             (no amulet)
HPRegen  0.07/turn              (no ring)
MPRegen  0.00/turn              (no ring)

@: flying
A: fire resistance 2, cold vulnerability 1, float, innate caster, hp casting,
extra vitality 1
a: no special abilities


You were on level 1 of the Dungeon.
You visited 1 branch of the dungeon, and saw 1 of its levels.

You collected 2 gold pieces.

Inventory:

Hand Weapons
 f - a +0 dagger (weapon)
Armour
 a - a +0 robe
 b - a +0 leather armour (worn)
Scrolls
 d - a scroll of magic mapping {unknown}
Potions
 c - a potion of curing {unknown}
 e - 2 potions of heal wounds {unknown}


   Skills:
 + Level 2.5 Dodging
 + Level 1.7 Stealth
 + Level 3.2 Spellcasting


You couldn't memorise any spells.
You knew the following spells:

 Your Spells              Type           Power      Damage    Failure   Level
a - Foxfire               Conj/Fire      52%        2x1d6     7%          1
b - Conjure Flame         Conj/Fire      13%        6-21      22%         3
c - Inner Flame           Hex/Fire       13%        N/A       22%         3
d - Sticky Flame          Conj/Fire      13%        2d4       56%         4
e - Fireball              Conj/Fire      6%         3d5       89%         5
Your spell library was empty.

Dungeon Overview and Level Annotations

Branches:
Dungeon (1/15)

Altars:


Innate Abilities, Weirdness & Mutations

You are immune to poison.
Your flesh is very heat resistant. (rF++)
You are vulnerable to cold. (rC-)
You float through the air rather than walking.
You learn spells naturally, not from books.
Your magical power is your life essence.
You have superior vitality. (+4 HP)


Message History

The foxfire hits the endoplasm.
You kill the endoplasm!
You start resting.
HP restored.
You start waiting.
The endoplasm quivers.
The endoplasm barely misses you.
You hit the endoplasm but do no damage. The endoplasm hits you.
You hit the endoplasm but do no damage.
The endoplasm hits you but does no damage.
Casting: Foxfire (safe; 7% risk of failure)
Confirm with . or Enter, or press ? or * to list all spells.
You conjure some foxfire!
The endoplasm freezes you.
You are frozen.
You feel a terrible chill!
Unknown command.
Unknown command.
Your foxfire dissipates!
The endoplasm jiggles.
Casting: Foxfire (safe; 7% risk of failure)
Confirm with . or Enter, or press ? or * to list all spells.
You conjure some foxfire!
The endoplasm hits you.
Unknown command.
Unknown command.
Casting: Foxfire (safe; 7% risk of failure)
Confirm with . or Enter, or press ? or * to list all spells.
You conjure some foxfire!
The endoplasm freezes you.
You are frozen.
You feel a terrible chill!
* * * LOW HITPOINT WARNING * * *
Unknown command.
You hit the endoplasm.
The endoplasm is lightly wounded.
The foxfire hits the endoplasm.
The endoplasm is heavily wounded.
The foxfire hits the endoplasm.
The endoplasm is severely wounded.
The endoplasm freezes you.
You are frozen.
You feel a terrible chill!
You die...

. .. .# #...
##.### .#
.#.###.....#.
......... .
.......#.#
#.##...#.#
#.##.....#
#J###..#
#@v....#
#(..§§####.#
##....# #.# .
#.#### #.# .
#. #.# . #
#.# . ##.####
. #.....# .
#...#.#


You could see an endoplasm (ally target).

Vanquished Creatures
  A dart slug (D:1)
  3 ball pythons (D:1)
  An endoplasm (D:1)
  A hobgoblin (D:1)
  5 jackals (D:1)
  3 kobolds (D:1)
14 creatures vanquished.

Vanquished Creatures (others)
  43 foxfires (D:1)
43 creatures vanquished.

Grand Total: 57 creatures vanquished

Notes
Turn   | Place    | Note
-------+----------+-------------------------------------------
     0 | D:1      | dickylongcocking the Djinni Fire Elementalist began the
                  | quest for the Orb.
     0 | D:1      | Reached XP level 1. HP: 15/15 MP: 0/0
   236 | D:1      | Reached skill level 3 in Spellcasting
   313 | D:1      | Reached XP level 2. HP: 13/21 MP: 0/0
  1074 | D:1      | Killed from afar by an endoplasm

Illustrated notes

Levels and vault maps discovered:
D:1:      dpeg_arrival_stone_temple_mockup, layout_loops_ring,
          basic_ecumenical_altar, minmay_pentomino_q2

Skill      XL: |  1 |
---------------+----+-----
Spellcasting   | 3 |  3.2
Dodging        | |  2.5
Stealth        | |  1.7

Action                   || total
-------------------------++-------
Melee: Unarmed           ||     4
       Dagger            ||     7
 Cast: Foxfire           ||    33
Armor: Leather armour    ||     4
Dodge: Dodged            ||    17

Table legend: (Time is in decaauts)
 A = Elapsed time spent in this place.
 B = Non-inter-level travel time spent in this place.
 C = Inter-level travel time spent in this place.
 D = Time resting spent in this place.
 E = Time spent auto-exploring this place.
 F = Levels seen in this place.
 G = Mean time per level.
                   A        B        C        D        E       F      G
               +--------+--------+--------+--------+--------+-----+--------+
         Total |   1073 |   1073 |      0 |    325 |    627 |   1 | 1073.0 |
       Dungeon |   1073 |   1073 |      0 |    325 |    627 |   1 | 1073.0 |
               +--------+--------+--------+--------+--------+-----+--------+

Top non-repeatable levels by time:
     D:1: 1073 daAuts
